 Dungeon Crawl Stone Soup version 0.31-a0-210-gccc998df9b (webtiles) character file.

Game seed: 14752864801048588864

259 qw the Chopper (level 6, -3/37 HPs)
             Began as a Gargoyle Fighter on June 30, 2023.
             Slain by an orc warrior
             ... wielding a +0 war axe
              (6 damage)
             ... on level 4 of the Dungeon.
             The game lasted 00:01:16 (2078 turns).

qw the Chopper (Gargoyle Fighter)                   Turns: 2078, Time: 00:01:16

Health: -3/37      AC: 12    Str: 22    XL:     6   Next: 17%
Magic:  6/6        EV:  9    Int:  8    God:
Gold:   194        SH:  4    Dex:  9    Spells: 5/5 levels left

rFire   . . .        Y - +0 war axe
rCold   . . .        c - +0 buckler
rNeg    + . .        b - +0 scale mail
rPois   inf          (no helmet)
rElec   +            i - +0 cloak
rCorr   .            (no gloves)
SInv    .            (no boots)
Will    .....        (no amulet) Stlth
                     (no ring)
HPRegen 0.26/turn    (no ring)
MPRegen 0.10/turn

%: no passive effects
@: no status effects
A: sickness immunity, AC +4, negative energy resistance 1, electricity
resistance, torment resistance 1, petrification resistance
a: no special abilities


You were on level 4 of the Dungeon.
You visited 1 branch of the dungeon, and saw 4 of its levels.

You collected 194 gold pieces.


Innate Abilities, Weirdness & Mutations

You are immune to sickness and miasma.
Your stone body is resilient. (AC +4)
You are immune to poison.
You resist negative energy. (rN+)
You are resistant to electric shocks. (rElec)
You are resistant to unholy torment.
You are immune to petrification.


   Skills:
 + Level 3.3 Fighting
 - Level 5.5 Axes
 - Level 1.2 Throwing
 - Level 3.2 Armour
 - Level 3.2 Shields


You had 5 spell levels left.
You didn't know any spells.
Your spell library was empty.

Inventory:

Hand Weapons
 g - a +0 mace
 Y - a +0 war axe (weapon)
Missiles
 l - a javelin (quivered)
Armour
 b - a +0 scale mail (worn)
 c - a +0 buckler (worn)
 i - a +0 cloak (worn)
Scrolls
 j - a scroll of identify
Potions
 a - a potion of curing
 d - a potion of might
 e - 2 potions of brilliance {unknown}
 f - a potion of haste {unknown}
 h - a potion of mutation {unknown}

Dungeon Overview and Level Annotations

Branches:
Dungeon (4/15)
 Temple: D:4-7

Altars:


Message History

You throw a javelin.
The javelin pierces through the orc warrior but does no damage.
You hit the orc warrior.
The orc warrior is lightly wounded.
The orc warrior completely misses you.
You hit the orc warrior but do no damage.
The orc warrior is lightly wounded.
An orc comes into view. It is wielding a +0 short sword.
You block the orc warrior's attack. The orc warrior barely misses you.
The orc moves out of view.
You barely miss the orc warrior.
The orc warrior is lightly wounded.
The orc warrior hits you but does no damage.
You hit the orc warrior.
The orc warrior is lightly wounded.
The orc warrior hits you with a +0 war axe.
You hit the orc warrior.
The orc warrior is moderately wounded.
The orc warrior hits you with a +0 war axe.
The orc warrior hits you with a +0 war axe!
You barely miss the orc warrior.
The orc warrior is moderately wounded.
The orc warrior hits you with a +0 war axe.
You hit the orc warrior.
The orc warrior is heavily wounded.
The orc warrior barely misses you.
You hit the orc warrior.
The orc warrior is heavily wounded.
The orc warrior barely misses you.
You hit the orc warrior.
The orc warrior is severely wounded.
You block the orc warrior's attack.
The orc warrior hits you with a +0 war axe!
You hit the orc warrior.
The orc warrior is almost dead.
The orc warrior hits you but does no damage.
You closely miss the orc warrior.
The orc warrior is almost dead.
The orc warrior hits you with a +0 war axe.
You die...

#...(.........).# ##.## #.
##.....#########.#####.#.##
#. #.####.# #....).###.###.
#.# #.# #####.#####.##. #)#
#.############.....###.#.
#.#
#.##.^.......##.##.##.##.
##.#
#.#.###.####.###.#.#.###.
###..# #..
##................. ...#.#
#@###.#####.###### .#.#.#
#o# #.# #.# .....# K## #.#
#.# .#>### o# #.# #.# ...#
.# #.# #.# ..## .( ..# #.#
..# ## #.# #.# ..# #.# #.#
#.#


You could see an orc warrior, an orc and a kobold.

Vanquished Creatures
  An ogre (D:4)
  A scorpion (D:4)
  5 adders
  3 dart slugs
  2 orcs (D:4)
  9 endoplasms
  2 giant cockroaches (D:3)
  5 goblins
  6 hobgoblins
  4 quokkas
  5 ball pythons
  5 bats
  2 frilled lizards (D:1)
  4 kobolds
  8 rats
62 creatures vanquished.

Notes
Turn   | Place    | Note
-------+----------+-------------------------------------------
     0 | D:1      | qw the Gargoyle Fighter began the quest for the Orb.
     0 | D:1      | Reached XP level 1. HP: 14/14 MP: 1/1
     0 | D:1      | 0 ||| qw: Version: 0.3-a-24-ga2abf7b
     0 | D:1      | 0 ||| qw: Game counter: 7075
     0 | D:1      | 0 ||| qw: Melee chars always use a shield: true
     0 | D:1      | 0 ||| qw: God list: Okawaru
     0 | D:1      | 0 ||| qw: Allow faded altars: false
     0 | D:1      | 0 ||| qw: Do Orc after clearing Dungeon:15 true
     0 | D:1      | 0 ||| qw: Do second Lair branch before Depths: true
     0 | D:1      | 0 ||| qw: Lair rune preference: random
     0 | D:1      | 0 ||| qw: Goals: Normal, Zot:1-4, Slime:5, God:TSO, Crypt,
                  | Tomb, Abyss, Pan, Hells, Win
     0 | D:1      | 0 ||| PLANNING D:1-11
    76 | D:1      | Reached skill level 2 in Axes
    82 | D:1      | 82 ||| Stepping ~*~*~tactically~*~*~ (stealth).
    92 | D:1      | Reached XP level 2. HP: 14/19 MP: 2/2
    99 | D:1      | 99 ||| FLEEEEING.
   100 | D:1      | 100 ||| FLEEEEING.
   101 | D:1      | 101 ||| FLEEEEING.
   102 | D:1      | 102 ||| FLEEEEING.
   103 | D:1      | 103 ||| FLEEEEING.
   104 | D:1      | 104 ||| FLEEEEING.
   364 | D:1      | 364 ||| Stepping ~*~*~tactically~*~*~ (stealth).
   370 | D:1      | Reached skill level 3 in Axes
   403 | D:1      | Reached XP level 3. HP: 19/23 MP: 3/3
   435 | D:1      | 435 ||| Stepping ~*~*~tactically~*~*~ (stealth).
   528 | D:1      | 528 ||| Stepping ~*~*~tactically~*~*~ (stealth).
   529 | D:1      | 529 ||| Stepping ~*~*~tactically~*~*~ (stealth).
   571 | D:1      | 571 ||| Stepping ~*~*~tactically~*~*~ (stealth).
   572 | D:1      | 572 ||| Stepping ~*~*~tactically~*~*~ (stealth).
   700 | D:1      | 700 ||| DROPPING scarf of invisibility.
   701 | D:1      | 701 ||| READING scroll labelled HUICKE DAVIO.
   702 | D:1      | 702 ||| READING scroll labelled OROWUK JIWEKA.
   703 | D:1      | 703 ||| READING 2 scrolls labelled AXKO JISIUBEBA.
   704 | D:1      | 704 ||| READING scroll labelled XIELIONKI LOMO.
   705 | D:1      | 705 ||| READING scroll labelled CURYSU BAALIK.
   706 | D:1      | 706 ||| READING scroll labelled XEADGHU VAQY.
   799 | D:2      | 799 ||| Stepping ~*~*~tactically~*~*~ (hiding).
  1006 | D:2      | 1006 ||| DROPPING +0 club.
  1229 | D:2      | 1229 ||| UPGRADING to +0 cloak.
  1234 | D:2      | 1234 ||| READING scroll labelled AHARYE ZYEMI.
  1235 | D:2      | 1235 ||| DRINKING 2 inky potions.
  1251 | D:3      | 1251 ||| STAIRDANCE
  1256 | D:2      | Reached XP level 4. HP: 26/28 MP: 4/4
  1322 | D:3      | Reached skill level 1 in Throwing
  1436 | D:3      | Reached skill level 4 in Axes
  1791 | D:3      | 1791 ||| DROPPING scarf of invisibility.
  1850 | D:4      | Noticed a scorpion
  1868 | D:4      | Killed a scorpion
  1869 | D:4      | Reached XP level 5. HP: 32/32 MP: 5/5
  1882 | D:4      | Noticed an ogre
  1886 | D:4      | Killed an ogre
  1887 | D:4      | Reached skill level 5 in Axes
  1887 | D:4      | Reached XP level 6. HP: 20/37 MP: 6/6
  1925 | D:4      | 1925 ||| FLEEEEING.
  1927 | D:4      | 1927 ||| FLEEEEING.
  1928 | D:4      | 1928 ||| FLEEEEING.
  1929 | D:4      | 1929 ||| FLEEEEING.
  1930 | D:4      | 1930 ||| FLEEEEING.
  1931 | D:4      | 1931 ||| FLEEEEING.
  1932 | D:4      | 1932 ||| FLEEEEING.
  1933 | D:4      | 1933 ||| FLEEEEING.
  1934 | D:4      | 1934 ||| FLEEEEING.
  1935 | D:4      | 1935 ||| FLEEEEING.
  1936 | D:4      | 1936 ||| FLEEEEING.
  1937 | D:4      | 1937 ||| FLEEEEING.
  1938 | D:4      | 1938 ||| FLEEEEING.
  1988 | D:4      | 1988 ||| Stepping ~*~*~tactically~*~*~ (stealth).
  1991 | D:4      | 1991 ||| Stepping ~*~*~tactically~*~*~ (stealth).
  1992 | D:4      | 1992 ||| Stepping ~*~*~tactically~*~*~ (stealth).
  2065 | D:4      | Noticed an orc warrior
  2076 | D:4      | HP: 2/37 [orc warrior/+0 war axe (15)]
  2078 | D:4      | Slain by an orc warrior

Levels and vault maps discovered:
D:1:      minmay_arrival_loop, layout_basic
D:2:      layout_rooms, minmay_misc_feat_alley
D:3:      layout_loops_ring
D:4:      minmay_bubble_buster, layout_loops_ring,
          nicolae_ru_the_path_less_chosen, uniq_crazy_yiuf_cottage

Skill      XL: |  1  2  3  4  5 |
---------------+----------------+-----
Axes           | 2 3 4 5 |  5.5
Throwing       | 1 |  1.2
Fighting       | |  3.3
Armour         | |  3.2
Shields        | |  3.2

Action                     |  1- 3 |  4- 6 || total
---------------------------+-------+-------++-------
  Melee: War axe           |   110 |    57 ||   167
  Throw: Javelin           |       |    31 ||    31
    Use: Scroll            |     7 |       ||     7
         Potion            |     1 |       ||     1
 Armour: Scale mail        |    53 |    29 ||    82
  Dodge: Dodged            |    41 |    27 ||    68
  Block: Buckler           |    24 |     6 ||    30

Table legend:
 A = Non-vault XP
 B = Vault XP
 C = Vault XP percentage of total XP
 D = Non-vault monster count
 E = Vault monster count
 F = Vault count percentage of total count
                 A         B        C        D         E       F
            +---------+---------+-------+---------+---------+-------
      Total |     371 |       0 |   0.0 |      62 |       0 |   0.0
            +---------+---------+-------+---------+---------+-------
        D:1 |      49 |       0 |   0.0 |      30 |       0 |   0.0
        D:2 |      39 |       0 |   0.0 |      14 |       0 |   0.0
        D:3 |      55 |       0 |   0.0 |      12 |       0 |   0.0
        D:4 |     228 |       0 |   0.0 |       6 |       0 |   0.0
            +---------+---------+-------+---------+---------+-------
